 Dungeon Crawl Stone Soup version 0.31-a0-196-g86fe4a5e66 (webtiles) character file.

Game seed: 12912225295343184040

399 nono the Shield-Bearer (level 6, -1/54 HPs)
             Began as an Armataur Fighter on Jan 30, 2023.
             Was an Initiate of Okawaru.
             Slain by an ufetubus (2 damage)
             ... on level 5 of the Dungeon on June 24, 2023.
             The game lasted 00:15:50 (4188 turns).

nono the Shield-Bearer (Armataur Fighter)           Turns: 4188, Time: 00:15:51

Health: -1/54      AC:  7    Str: 19 (23) XL:     6   Next: 54%
Magic:  6/6        EV:  4    Int:  5 (9)  God:    Okawaru [......]
Gold:   234        SH: 11    Dex:  3 (9)  Spells: 5/5 levels left

rFire   . . .        a - +0 flail
rCold   . . .        q - +0 tower shield
rNeg    . . .        b - +0 scale mail
rPois   +            (no helmet)
rElec   .            (no cloak)
rCorr   +            (no gloves)
SInv    .            (no barding)
Will    .....        (no amulet) Stlth
                     n - ring of poison resistance
HPRegen 0.29/turn    o - ring of resist corrosion
MPRegen 0.10/turn

%: roll
@: mighty
A: large, rugged brown scales 3, deformed body, armoured tail, roll, long
tongue, awkward tongue
a: Renounce Religion


You were on level 5 of the Dungeon.
You worshipped Okawaru.
Okawaru was noncommittal.
You visited 2 branches of the dungeon, and saw 6 of its levels.

You collected 267 gold pieces.
You spent 33 gold pieces at shops.

Inventory:

Hand Weapons
 a - a +0 flail (weapon)
 h - a +0 dire flail of venom
Missiles
 t - a throwing net
Armour
 b - a +0 scale mail (worn)
 c - a +0 buckler
 q - a +0 tower shield (worn)
Jewellery
 n - a ring of poison resistance (left hand)
 o - a ring of resist corrosion (right hand)
Wands
 p - a wand of paralysis (4) (quivered)
Scrolls
 f - 9 scrolls of identify {unknown}
 j - 2 scrolls of revelation {unknown}
 k - a scroll of noise {unknown}
 l - a scroll of immolation {unknown}
 m - 2 scrolls of fear {unknown}
 u - a scroll of fog {unknown}
 v - a scroll of blinking {unknown}
 w - a scroll of amnesia {unknown}
Potions
 g - a potion of heal wounds {unknown}
 i - a potion of magic
 s - a potion of attraction {unknown}


   Skills:
 - Level 3.2 Fighting
 - Level 2.5 Maces & Flails
 - Level 4.3 Armour
 + Level 7.1 Shields


You had 5 spell levels left.
You didn't know any spells.
Your spell library contained the following spells:

 Spells                   Type           Power      Damage    Failure   Level
 Apportation              Tloc           0%         N/A       100%        1
 Poisonous Vapours        Pois/Air       0%         N/A       100%        2
 Mephitic Cloud           Conj/Pois/Air  0%         N/A       100%        3
 Alistair's Intoxication  Tmut/Pois      0%         N/A       100%        5
 Freezing Cloud           Conj/Ice/Air   0%         6-21      100%        5


Dungeon Overview and Level Annotations

Branches:
Dungeon (5/15)             Temple (1/1) D:4

Altars:
Ashenzari
Cheibriados
Dithmenos
Elyvilon
Fedhas
Gozag
Hepliaklqana
Kikubaaqudgha
Makhleb
Nemelex Xobeh
Okawaru
Qazlal
Ru
Sif Muna
Trog
Uskayaw
Vehumet
Wu Jian
Xom
Yredelemnul
Zin
The Shining One

Shops:
D:1 (   D:2 !:=(

Annotations:
D:4 Eustachio


Innate Abilities, Weirdness & Mutations

You are completely covered in rugged brown scales. (AC +3, +7% HP)
Armour fits poorly on your strangely shaped body.
You have a long armoured tail.
You roll when moving toward enemies. (Rampage)
Your long tongue fully drains potion bottles. (2x potion effects)
Your tongue gives you trouble enunciating. (1.5x scroll delay)


Message History

* * * LOW HITPOINT WARNING * * *
You are too injured to fight recklessly!
Unknown command.
You feel very mighty all of a sudden.
You slurp down every last drop of the potion of might!
You hear the slow hiss of a very distant avalanche of sand.
You block the ufetubus's attack. x2
The ufetubus hits you but does no damage.
You block the ufetubus's attack.
You closely miss the ufetubus.
Your tail-slap misses the ufetubus.
The ufetubus is heavily wounded.
You block the ufetubus's attack. x3; The ufetubus barely misses you.
You miss the ufetubus.
The ufetubus is heavily wounded.
You block the ufetubus's attack.
The ufetubus hits you but does no damage.
You block the ufetubus's attack. The ufetubus hits you.
* * * LOW HITPOINT WARNING * * *
The ufetubus hits you.
* * * LOW HITPOINT WARNING * * *
The ufetubus hits you but does no damage.
You barely miss the ufetubus.
The ufetubus is heavily wounded.
You block the ufetubus's attack. x2; The ufetubus hits you.
* * * LOW HITPOINT WARNING * * *
The ufetubus hits you but does no damage.
You barely miss the ufetubus.
Your tail-slap misses the ufetubus.
The ufetubus is heavily wounded.
You block the ufetubus's attack. x2
The ufetubus hits you but does no damage.
The ufetubus hits you.
* * * LOW HITPOINT WARNING * * *
Okay, then.
You barely miss the ufetubus.
The ufetubus is heavily wounded.
You block the ufetubus's attack. The ufetubus hits you.
* * * LOW HITPOINT WARNING * * *
The ufetubus barely misses you. You block the ufetubus's attack.
The ufetubus hits you.
You die...

.# .# # .#
#. .# .##.#
... #5# #@#
#.........#
###.#####..
#.# ..# ###


You could see an ufetubus.

Vanquished Creatures
  Edmund (D:4)
  A black bear (D:4)
  A sleepcap (D:4)
  An iguana (D:3)
  3 gnolls (D:4)
  3 adders
  2 worms
  5 dart slugs
  7 endoplasms
  3 giant cockroaches
  6 goblins
  4 hobgoblins
  4 jackals (D:2)
  4 kobolds
  5 quokkas
  5 ball pythons
  5 bats
  6 frilled lizards
  2 rats
68 creatures vanquished.

Vanquished Creatures (others)
  A human (D:3)
1 creature vanquished.

Grand Total: 69 creatures vanquished

Notes
Turn   | Place    | Note
-------+----------+-------------------------------------------
     0 | D:1      | nono the Armataur Fighter began the quest for the Orb.
     0 | D:1      | Reached XP level 1. HP: 19/19 MP: 1/1
     3 | D:1      | Noticed an electric eel
     4 | D:1      | Noticed an electric eel
    64 | D:1      | Upgraded the game from 0.30-a0-728-gc68057be0a to
                  | 0.30-a0-737-gf23d94013f
    64 | D:1      | Upgraded the game from 0.30-a0-737-gf23d94013f to
                  | 0.30-a0-743-gbfdf073431
    64 | D:1      | Upgraded the game from 0.30-a0-743-gbfdf073431 to
                  | 0.31-a0-196-g86fe4a5e66
   166 | D:1      | Found Weam Cusia's Weapon Shoppe.
   185 | D:1      | Reached XP level 2. HP: 21/26 MP: 2/2
   334 | D:1      | Found a faded altar of an unknown god.
   728 | D:1      | Reached XP level 3. HP: 33/33 MP: 3/3
  1200 | D:2      | Found Uprokeox's Distillery.
  1207 | D:2      | Bought a potion of curing for 33 gold pieces
  1251 | D:2      | Found Hafudum's Book Shoppe.
  1474 | D:2      | Found Zoych's Weapon Shop.
  1553 | D:2      | Found Aruatoeng's Jewellery Shop.
  1693 | D:2      | Reached XP level 4. HP: 40/40 MP: 4/4
  1702 | D:2      | Reached skill level 4 in Shields
  2025 | D:3      | Found an ancient bone altar of Kikubaaqudgha.
  2038 | D:3      | Noticed a human
  2041 | D:3      | Killed a human
  2699 | D:4      | Noticed Edmund
  2723 | D:4      | HP: 2/40 [Edmund/+0 dire flail of venom (8)]
  2726 | D:4      | Killed Edmund
  2727 | D:4      | Reached skill level 6 in Shields
  2727 | D:4      | Reached XP level 5. HP: 22/48 MP: 5/5
  2848 | D:4      | Found a staircase to the Ecumenical Temple.
  2862 | Temple   | Entered the Ecumenical Temple
  2986 | Temple   | Became a worshipper of Warmaster Okawaru
  3456 | D:4      | Reached XP level 6. HP: 37/54 MP: 6/6
  3588 | D:4      | Reached skill level 7 in Shields
  3596 | D:4      | HP: 2/54 [gnoll/+0 halberd (1)]
  3754 | D:4      | Noticed Eustachio
  4150 | D:5      | Entered Level 5 of the Dungeon
  4186 | D:5      | HP: 2/54 [ufetubus (2)]
  4188 | D:5      | Slain by an ufetubus

Illustrated notes

Levels and vault maps discovered:
D:1:      arrival_aquarium_b, layout_basic, serial_forest,
          infiniplex_forest_lined_room_2, infiniplex_forest_clump_small,
          infiniplex_forest_lined_room_2, infiniplex_forest_pool,
          infiniplex_forest_zigzag_2, hellmonk_ecumenical_altar_slurped_away,
          serial_shops, nicolae_square_shop
D:2:      layout_loops_ring, serial_shops, nicolae_shop_industrial_runoff,
          nicolae_shop_getting_attention, nicolae_shop_bloodbath_and_beyond,
          nicolae_shop_statue_plus, grunt_ministairs_12, grunt_decor_arrowhead,
          dreamdust_wishing_well
D:3:      layout_loops_ring, tgw_kikubaaqudgha
D:4:      layout_basic, minmay_temple_entry_slanted, uniq_edmund, uniq_eustachio
D:5:      layout_loops_corners, gup_ossuary_entry_pyramid, ebering_ghost_gozag,
          uniq_blork_the_orc
Temple:   regret_index_temple_sigil_plot

Skill      XL: |  1  2  3  4  5  6 |
---------------+-------------------+-----
Maces & Flails | 2 |  2.5
Armour         | 4 |  4.3
Fighting       | 3 |  3.2
Shields        | 6 7 |  7.1

Action                     |  1- 3 |  4- 6 || total
---------------------------+-------+-------++-------
  Melee: Flail             |   143 |   165 ||   308
         Tailslap          |    10 |     7 ||    17
         Unarmed           |       |    14 ||    14
  Evoke: Wand              |       |     7 ||     7
    Use: Potion            |       |     8 ||     8
   Stab: Paralysed         |       |     5 ||     5
 Armour: Scale mail        |    74 |   113 ||   187
         Skin              |       |    14 ||    14
  Dodge: Dodged            |    46 |   101 ||   147
  Block: Buckler           |    27 |     4 ||    31
         Tower shield      |       |   189 ||   189

Table legend: (Time is in decaauts)
 A = Elapsed time spent in this place.
 B = Non-inter-level travel time spent in this place.
 C = Inter-level travel time spent in this place.
 D = Time resting spent in this place.
 E = Time spent auto-exploring this place.
 F = Levels seen in this place.
 G = Mean time per level.
                   A        B        C        D        E       F      G
               +--------+--------+--------+--------+--------+-----+--------+
         Total |   4317 |   4158 |    159 |    219 |   2972 |   6 |  719.5 |
       Dungeon |   4167 |   4051 |    116 |    219 |   2889 |   5 |  833.4 |
        Temple |    149 |    106 |     43 |      0 |     83 |   1 |  149.0 |
               +--------+--------+--------+--------+--------+-----+--------+

Top non-repeatable levels by time:
     D:4: 1145 daAuts
     D:3: 1103 daAuts
     D:1: 944 daAuts
     D:2: 916 daAuts
  Temple: 149 daAuts
     D:5: 57 daAuts
